 Dungeon Crawl Stone Soup version 0.30-a0-782-ge64f9170bb (webtiles) character file.

Game seed: 16943503693527852000

117 HoaS the Shooter (level 5, 0/30 HPs)
             Began as a Gargoyle Hunter on Feb 20, 2023.
             Slain by an iguana (10 damage)
             ... on level 4 of the Dungeon.
             The game lasted 00:06:28 (2820 turns).

HoaS the Shooter (Gargoyle Hunter)                  Turns: 2820, Time: 00:06:29

Health: 0/30       AC: 13    Str: 14    XL:     5   Next: 1%
Magic:  5/5        EV: 11    Int: 10    God:
Gold:   61         SH:  0    Dex: 15    Spells: 4/4 levels left

rFire   . . .      SeeInvis +    a - +1 shortbow
rCold   . . .      Faith    .    (shield currently unavailable)
rNeg    + . .      Spirit   .    c - +0 leather armour
rPois   ∞          Reflect  .    (no helmet)
rElec   +          Harm     .    (no cloak)
rCorr   .          Rampage  .    f - +0 pair of gloves
Will    .....                    l - +0 pair of boots
Stlth   ++                       (no amulet)
HPRegen 0.25/turn                h - +4 ring of protection
MPRegen 0.09/turn                j - ring of see invisible

@: no status effects
A: sickness immunity, AC +4, negative energy resistance 1, electricity
resistance, torment resistance 1, petrification resistance
a: no special abilities


You were on level 4 of the Dungeon.
You visited 1 branch of the dungeon, and saw 4 of its levels.

You collected 151 gold pieces.
You spent 90 gold pieces at shops.

Inventory:

Hand Weapons
 a - a +1 shortbow (weapon)
Armour
 c - a +0 leather armour (worn)
 f - a +0 pair of gloves (worn)
 l - a +0 pair of boots (worn)
Jewellery
 h - a +4 ring of protection (left hand)
 j - a ring of see invisible (right hand)
Scrolls
 b - 3 scrolls of immolation
 d - 2 scrolls of teleportation
Potions
 e - 2 potions of heal wounds
 g - a potion of ambrosia {unknown}
 i - a potion of degeneration {unknown}
 k - a potion of cancellation {unknown}


   Skills:
 - Level 2.1 Fighting
 + Level 6.1 Ranged Weapons
 - Level 1.5 Dodging
 - Level 1.1 Stealth


You had 4 spell levels left.
You didn't know any spells.
Your spell library was empty.

Dungeon Overview and Level Annotations

Branches:
Dungeon (4/15)
 Temple: D:4-7

Altars:
Ashenzari
Cheibriados
Qazlal
Sif Muna
Vehumet
Wu Jian

Shops:
D:1 ?   D:2 *

Annotations:
D:3 1 runed translucent door, Crazy Yiuf


Innate Abilities, Weirdness & Mutations

You are immune to sickness and miasma.
Your stone body is resilient. (AC +4)
You are immune to poison.
You resist negative energy. (rN+)
You are resistant to electric shocks. (rElec)
You are resistant to unholy torment.
You are immune to petrification.


Message History

Crazy Yiuf shouts!
Could not explore, unopened runed door.
(D) Dungeon
Where to? (Enter - D:3, ? - help)
There is an open door here.
There is an open door here.
There is a stone staircase leading down here.
You climb downwards.
The iguana hisses angrily.
Found an escape hatch in the floor.
There is a stone staircase leading up here.
An iguana is nearby!
You shoot an arrow. The arrow barely misses the iguana.
You shoot an arrow. The arrow hits the iguana.
The iguana is lightly wounded.
The iguana bites you but does no damage.
You shoot an arrow. The arrow closely misses the iguana.
The iguana closely misses you.
You shoot an arrow. The arrow hits the iguana.
The iguana is moderately wounded.
The iguana bites you.
You shoot an arrow. The arrow closely misses the iguana.
The iguana bites you but does no damage.
The iguana bites you.
You shoot an arrow. The arrow barely misses the iguana.
The iguana bites you!
You shoot an arrow. The arrow hits the iguana.
The iguana is heavily wounded.
The iguana bites you but does no damage.
You shoot an arrow. The arrow barely misses the iguana.
The iguana bites you.
You shoot an arrow. The arrow barely misses the iguana.
The iguana barely misses you.
The iguana bites you but does no damage.
You shoot an arrow. The arrow closely misses the iguana.
The iguana bites you but does no damage.
You shoot an arrow.
The arrow hits the iguana but does no damage.
The iguana is heavily wounded.
The iguana barely misses you.
You shoot an arrow. The arrow barely misses the iguana.
The iguana bites you!
You die...

###...# ....>#
.....# ##....#
..... #... #..#
#.@#
.......l....#
...........##
###........#
#..........
.............
........#....##
..#...#.###...


You could see an iguana.

Vanquished Creatures
  3 gnolls (D:3)
  3 adders
  2 worms (D:2)
  4 ball pythons
  9 endoplasms
  2 giant cockroaches (D:3)
  4 goblins
  4 hobgoblins
  5 quokkas
  6 bats
  A frilled lizard (D:3)
  5 kobolds
  7 rats
55 creatures vanquished.

Vanquished Creatures (others)
  10 plants (D:3)
10 creatures vanquished.

Grand Total: 65 creatures vanquished

Notes
Turn   | Place    | Note
-------+----------+-------------------------------------------
     0 | D:1      | HoaS the Gargoyle Hunter began the quest for the Orb.
     0 | D:1      | Reached XP level 1. HP: 12/12 MP: 1/1
   169 | D:1      | Reached XP level 2. HP: 17/17 MP: 2/2
   263 | D:1      | Found The Oracle's Delphic Readings.
   401 | D:1      | Found a faded altar of an unknown god.
   406 | D:1      | Reached XP level 3. HP: 21/21 MP: 3/3
   648 | D:2      | Reached skill level 5 in Ranged Weapons
  1139 | D:2      | Found Afokeguh's Assorted Antiques.
  1690 | D:1      | Bought a scroll of enchant weapon for 90 gold pieces
  1876 | D:3      | Reached XP level 4. HP: 26/26 MP: 4/4
  2088 | D:3      | Found a broken altar of Ashenzari.
  2091 | D:3      | Found a snail-covered altar of Cheibriados.
  2098 | D:3      | Found an ornate altar of the Wu Jian Council.
  2101 | D:3      | Found a stormy altar of Qazlal.
  2103 | D:3      | Found a shimmering blue altar of Sif Muna.
  2110 | D:3      | Found a radiant altar of Vehumet.
  2384 | D:3      | Reached skill level 6 in Ranged Weapons
  2387 | D:3      | Reached XP level 5. HP: 15/30 MP: 5/5
  2536 | D:3      | Found a runed translucent door.
  2537 | D:3      | Noticed Crazy Yiuf
  2820 | D:4      | Slain by an iguana

Illustrated notes

Levels and vault maps discovered:
D:1:      matt_arrival_los_fun, layout_rooms, ebering_ecumenical_altar_box,
          serial_bayou_pond_e, nicolae_nh_oracle_at_delphi
D:2:      layout_basic, serial_shops, nicolae_shop_trees, minmay_tripent
D:3:      layout_loops_corners, nicolae_overflow_hallway_of_the_gods,
          chequers_serial_rivers_marsh, serial_bayou_lagoon_a,
          minmay_statues_item, uniq_crazy_yiuf_cottage
D:4:      layout_cave_pools, eat_drink_and_be_merry_uskayaw, serial_shops, shop,
          nicolae_shop_unique_rings

Skill      XL: |  1  2  3  4 |
---------------+-------------+-----
Ranged Weapons | 5 6 |  6.1
Fighting       | |  2.1
Dodging        | |  1.5
Stealth        | |  1.1

Action                     |  1- 3 |  4- 6 || total
---------------------------+-------+-------++-------
   Fire: Shortbow          |   118 |    51 ||   169
    Use: Scroll            |     6 |     1 ||     7
 Armour: Leather armour    |    14 |    15 ||    29
  Dodge: Dodged            |    30 |    16 ||    46

Table legend: (Time is in decaauts)
 A = Elapsed time spent in this place.
 B = Non-inter-level travel time spent in this place.
 C = Inter-level travel time spent in this place.
 D = Time resting spent in this place.
 E = Time spent auto-exploring this place.
 F = Levels seen in this place.
 G = Mean time per level.
                   A        B        C        D        E       F      G
               +--------+--------+--------+--------+--------+-----+--------+
         Total |   2870 |   2646 |    224 |    214 |   2054 |   4 |  717.5 |
       Dungeon |   2870 |   2646 |    224 |    214 |   2054 |   4 |  717.5 |
               +--------+--------+--------+--------+--------+-----+--------+

Top non-repeatable levels by time:
     D:2: 1224 daAuts
     D:3: 979 daAuts
     D:1: 652 daAuts
     D:4: 14 daAuts
